 Dungeon Crawl Stone Soup version 0.26-a0-818-g75db068ed4 (webtiles) character file.

Game seed: 2019208203678617433

61 runemasterragnar the Charlatan (level 3, -1/29 HPs)
             Began as a Draconian Artificer on Nov 14, 2020.
             Slain by a worm (9 damage)
             ... on level 2 of the Dungeon.
             The game lasted 00:02:04 (2237 turns).

runemasterragnar the Charlatan (DrAr)               Turns: 2237, Time: 00:02:04

Health: -1/29      AC:  5    Str: 14    XL:     3   Next: 83%
Magic:  4/4        EV: 12    Int: 12    God:
Gold:   67         SH:  0    Dex: 11    Spells: 4/4 levels left

rFire    . . .     SeeInvis .   i - +1 whip (elec)
rCold    . . .     Faith    .   (no shield)
rNeg     . . .     Spirit   .   (armour unavailable)
rPois    .         Reflect  .   (helmet restricted)
rElec    .         Harm     .   (no cloak)
rCorr    .         Rampage  .   (no gloves)
MR       .....                  (no boots)
Stlth    ++........             (no amulet)
HPRegen  0.09/turn              (no ring)
MPRegen  0.09/turn              (no ring)

@: no status effects
A: unfitting armour, cold-blooded, AC +5
a: no special abilities


You were on level 2 of the Dungeon.
You visited 1 branch of the dungeon, and saw 2 of its levels.

You collected 67 gold pieces.

Inventory:

Hand Weapons
 a - a +0 club
 i - a +1 whip of electrocution (weapon)
Missiles
 l - 16 poisoned darts (quivered)
Wands
 b - a wand of flame (15)
 c - a wand of enslavement (15)
 d - a wand of random effects (15)
Scrolls
 e - a scroll of immolation {unknown}
 f - 2 scrolls of identify {unknown}
 g - 2 scrolls of enchant weapon {unknown}
 j - a scroll of fear {unknown}
Potions
 h - 3 potions of curing {unknown}
 k - a potion of heal wounds {unknown}


   Skills:
 + Level 2.0 Fighting
 + Level 2.5 Dodging
 + Level 1.7 Stealth
 - Level 0.2 Unarmed Combat
 + Level 1.1 Spellcasting
 + Level 3.4 Evocations


You had 4 spell levels left.
You didn't know any spells.
Your spell library was empty.

Dungeon Overview and Level Annotations

Branches:
Dungeon (2/15)

Altars:


Innate Abilities, Weirdness & Mutations

Your plain brown scales are hard. (AC +5)
You cannot fit into any form of body armour.
You are cold-blooded and may be slowed by cold attacks.


Message History

A worm is nearby!
You hit the worm but do no damage. The worm bites you!
* * * LOW HITPOINT WARNING * * *
A worm is nearby!
A worm is nearby!
You are too injured to fight recklessly!
You are too injured to fight recklessly!
A worm is nearby!
You are too injured to fight recklessly!
You are too injured to fight recklessly!
A worm is nearby!
You hit the worm.
The worm is lightly wounded.
You hit the worm.
The worm is moderately wounded.
The worm closely misses you.
You hit the worm.
The worm is heavily wounded.
The worm bites you!
You die...

.### ....
##.# .###
##.... ###
..######.
..#
.........
####.#
#.###.##
#w.#.#
#.##
#.@..##
#..#
##.#..#
##.##
...#..#
#.)# #(
#####.†#
##.# .#
#.#
#).###.#
#.# .# #(#
#......# #
#.##.# #.#
####.#####
# #..#.#
#.# #....#
# ##(#.#
#.# #.####


You could see a worm.

Vanquished Creatures
  A gnoll (D:1)
  An adder (D:2)
  A worm (D:2)
  2 leopard geckos
  4 bats (D:1)
  5 giant cockroaches
  2 goblins
  2 hobgoblins (D:1)
  2 quokkas (D:2)
  4 frilled lizards (D:1)
  7 kobolds
  7 rats
38 creatures vanquished.

Notes
Turn   | Place    | Note
-------+----------+-------------------------------------------
     0 | D:1      | runemasterragnar the Draconian Artificer began the quest
                  | for the Orb.
     0 | D:1      | Reached XP level 1. HP: 16/16 MP: 1/1
   148 | D:1      | Reached skill level 1 in Stealth
   234 | D:1      | Reached XP level 2. HP: 13/23 MP: 2/2
  1124 | D:1      | Reached XP level 3. HP: 12/29 MP: 4/4
  1667 | D:2      | Reached skill level 1 in Spellcasting
  2237 | D:2      | Slain by a worm

Illustrated notes

Levels and vault maps discovered:
D:1:      saegor_arrival_under_anarchy, layout_loops_ring, st_stairs_5,
          serial_bayou_crossing
D:2:      layout_basic, ashenzari_altar_1

Skill      XL: |  1  2  3 |
---------------+----------+-----
Stealth        | 1 |  1.7
Spellcasting   | 1 |  1.1
Fighting       | 2 |  2.0
Dodging        | |  2.5
Unarmed Combat | |  0.2
Evocations     | |  3.4

Action                   || total
-------------------------++-------
Melee: Club              ||   110
       Unarmed           ||    15
       Tailslap          ||    16
       Whip              ||    44
 Stab: Sleeping          ||     2
Armor: Skin              ||    68
Dodge: Dodged            ||   126

Table legend: (Time is in decaauts)
 A = Elapsed time spent in this place.
 B = Non-inter-level travel time spent in this place.
 C = Inter-level travel time spent in this place.
 D = Time resting spent in this place.
 E = Time spent auto-exploring this place.
 F = Levels seen in this place.
 G = Mean time per level.
                   A        B        C        D        E       F      G
               +--------+--------+--------+--------+--------+-----+--------+
         Total |   2281 |   2247 |     34 |    424 |   1451 |   2 | 1140.5 |
       Dungeon |   2281 |   2247 |     34 |    424 |   1451 |   2 | 1140.5 |
               +--------+--------+--------+--------+--------+-----+--------+

Top non-repeatable levels by time:
     D:1: 1653 daAuts
     D:2: 627 daAuts
